 Dungeon Crawl Stone Soup version 0.24.0-37-gcf1ca852f1 (webtiles) character file.

Game seed: 10635038908259780983, levelgen mode: deterministic

128 Malga the Skirmisher (level 4, -8/42 HPs)
             Began as a Minotaur Berserker on Nov 8, 2019.
             Was a Believer of Trog.
             Mangled by a worm (14 damage)
             ... on level 3 of the Dungeon on Nov 22, 2019.
             The game lasted 00:09:26 (1857 turns).

Malga the Skirmisher (Minotaur Berserker)           Turns: 1857, Time: 00:09:27

Health: -8/42      AC:  3    Str: 20 (22) XL:     4   Next: 87%
Magic:  3/3        EV: 12    Int:  1 (4)  God:    Trog [**....]
Gold:   115        SH:  0    Dex:  7 (10) Spells: 3/3 levels left

rFire    . . .     SeeInvis .   b - +0 spear
rCold    . . .     Gourm    .   (no shield)
rNeg     . . .     Faith    .   i - +0 leather armour
rPois    .         Spirit   .   (helmet restricted)
rElec    .         Reflect  .   (no cloak)
rCorr    .         Harm     .   (no gloves)
MR       .....                  (no boots)
Stlth    +.........             (no amulet)
HPRegen  0.14/turn              (no ring)
MPRegen  0.08/turn              (no ring)

@: no status effects
A: retaliatory headbutt, horns 2
a: Berserk, Trog's Hand, Renounce Religion


You were on level 3 of the Dungeon.
You worshipped Trog.
Trog was pleased with you.
You were not hungry.

You visited 1 branch of the dungeon, and saw 3 of its levels.

You collected 115 gold pieces.

Inventory:

Hand Weapons
 b - a +0 spear (weapon)
Armour
 i - a +0 leather armour (worn)
Jewellery
 g - an uncursed ring of ice
Scrolls
 a - a scroll of fog {unknown}
 d - 4 scrolls of identify {unknown}
 f - a scroll of enchant weapon {unknown}
 j - a scroll of remove curse {unknown}
 k - a scroll of noise {unknown}
 l - a scroll of teleportation {unknown}
Potions
 h - 2 potions of magic
Comestibles
 c - 5 rations


   Skills:
 + Level 5.1 Fighting
 + Level 5.0 Polearms
 + Level 3.0 Armour
 + Level 2.7 Dodging
 + Level 0.1 Stealth


You had 3 spell levels left.
You didn't know any spells.
Your spell library was empty.

Dungeon Overview and Level Annotations

Branches:
Dungeon (3/15)

Altars:
Elyvilon
Kikubaaqudgha
Sif Muna
Trog
Vehumet

Annotations:
D:2 1 runed translucent door, Crazy Yiuf


Innate Abilities, Weirdness & Mutations

You reflexively headbutt those who attack you in melee.
You have a pair of horns on your head.


Message History

* * * LOW HITPOINT WARNING * * *
The moth of wrath goads the rat on!
The rat goes berserk!
The rat closely misses you. You furiously retaliate!
You headbutt the rat.
You kill the rat!
Trog accepts your kill. The rat closely misses you. You furiously retaliate!
You headbutt the rat.
You kill the rat!
Trog accepts your kill.
There is an open door here.
A worm is nearby!
It was a potion of magic.
Magic courses through your body.
You hit the worm.
The worm is heavily wounded.
The worm bites you.
* * * LOW HITPOINT WARNING * * *
It was a potion of degeneration.
There was something very wrong with that liquid.
You feel weakened.
You feel dopey.
You feel clumsy. The worm bites you!
You die...

#....###....#.......#
#...##y##...#.......##
#...†###....#.#####..#
# #...........#.#
##.## #
##.........##.# #..# #
##..†r...##..# ##.###
####'####..## #..##
#.##...## ###.##
#rw@.### #..... ######
#..... #..... #.....
#.##'# #.#... ##.#[..
#<.#... #..#...


You could see a worm (berserk) and a rat.

Vanquished Creatures
  3 gnolls (D:3)
  5 adders
  An ooze (D:1)
  3 worms (D:2)
  2 orcs (D:3)
  2 giant cockroaches (D:2)
  6 goblins
  4 hobgoblins
  4 bats
  6 frilled lizards
  6 kobolds
  5 rats
47 creatures vanquished.

Notes
Turn   | Place    | Note
-------+----------+-------------------------------------------
     0 | D:1      | Malga the Minotaur Berserker began the quest for the Orb.
     0 | D:1      | Reached XP level 1. HP: 19/19 MP: 0/0
   251 | D:1      | Reached XP level 2. HP: 27/27 MP: 1/1
   777 | D:1      | Upgraded the game from 0.24.0-13-gcf9b3192b9 to
                  | 0.24.0-37-gcf1ca852f1
   846 | D:2      | Reached XP level 3. HP: 28/33 MP: 2/2
  1029 | D:2      | Reached ** piety under Trog
  1103 | D:2      | Found a white marble altar of Elyvilon.
  1149 | D:2      | Found an ancient bone altar of Kikubaaqudgha.
  1149 | D:2      | Found a shimmering blue altar of Sif Muna.
  1158 | D:2      | Found a radiant altar of Vehumet.
  1276 | D:2      | Reached XP level 4. HP: 41/41 MP: 3/3
  1425 | D:2      | Found a runed translucent door.
  1426 | D:2      | Noticed Crazy Yiuf
  1702 | D:3      | Reached skill level 5 in Fighting
  1774 | D:3      | Reached skill level 5 in Polearms
  1835 | D:3      | Noticed a moth of wrath
  1837 | D:3      | Found a bloodstained altar of Trog.
  1857 | D:3      | Mangled by a worm

Levels and vault maps discovered:
D:1:      dpeg_arrival_simpleton_b, layout_basic
D:2:      layout_loops_ring, grunt_temple_overflow_magic_moments,
          marbit_many_paths, first_ration, uniq_crazy_yiuf_cottage
D:3:      layout_basic, tgw_trog, uniq_natasha

Skill      XL: |  1  2  3  4 |
---------------+-------------+-----
Polearms       | 4 5 |  5.0
Fighting       | 4 5 |  5.1
Armour         | 3 |  3.0
Dodging        | |  2.7
Stealth        | |  0.1

Action                   |  1- 3 |  4- 6 || total
-------------------------+-------+-------++-------
Melee: Spear             |    94 |    54 ||   148
       Headbutt          |    11 |     6 ||    17
Invok: Berserk           |       |     1 ||     1
  Use: Potion            |       |     2 ||     2
  Eat: Ration            |     1 |     1 ||     2
Armor: Animal skin       |     6 |       ||     6
       Leather armour    |     5 |     4 ||     9
Dodge: Dodged            |    30 |    26 ||    56
